 Dungeon Crawl Stone Soup version 0.31-a0-1237-gabc64e778c (console) character file.

Game seed: 1590147480799456783

8537 jejorda2 the Cleaver (level 11, -2/89 HPs)
             Began as a Gnoll Berserker on Dec 15, 2023.
             Was an Elder of Trog.
             Slain by a death yak (16 damage)
             ... on level 10 of the Dungeon.
             The game lasted 00:18:14 (8332 turns).

jejorda2 the Cleaver (Gnoll Berserker)              Turns: 8332, Time: 00:18:14

Health: -2/89      AC: 18    Str: 27    XL:     11   Next: 32%
Magic:  20/20      EV: 11    Int:  6    God:    Trog [****..]
Gold:   599        SH:  0    Dex: 12    Spells: 22/22 levels left

rFire   . . .        a - +5 battleaxe
rCold   . . .        (shield currently unavailable)
rNeg    . . .        s - +0 shadow dragon scales
rPois   +            d - +1 helmet
rElec   .            k - +0 cloak
rCorr   .            (no gloves)
SInv    .            (no boots)
Will    .....        q - amulet of the acrobat
Stlth   ++++         c - ring of poison resistance
HPRegen 0.34/turn    v - +6 ring of strength
MPRegen 0.17/turn

%: acrobat
@: about to teleport, on berserk cooldown, slowed, very slow
A: fangs 1, strong nose, distributed training
a: Renounce Religion, Berserk, Trog's Hand, Brothers in Arms


You were on level 10 of the Dungeon.
You worshipped Trog.
Trog was greatly pleased with you.
You visited 1 branch of the dungeon, and saw 10 of its levels.

You collected 599 gold pieces.

Inventory:

Hand Weapons
 a - a +5 battleaxe (weapon)
 b - a +3 dire flail of holy wrath
Missiles
 f - 10 boomerangs
 p - 7 poisoned darts (quivered)
 A - 8 curare-tipped darts
Armour
 d - a +1 helmet (worn)
 k - a +0 cloak (worn)
 s - +0 shadow dragon scales (worn)
Jewellery
 c - a ring of poison resistance (left hand)
 i - a ring of flight
 n - a ring of ice
 q - an amulet of the acrobat (around neck)
 v - a +6 ring of strength (right hand)
Wands
 e - a wand of charming (4)
 z - a wand of light (11)
 B - a wand of iceblast (5)
Scrolls
 l - a scroll of blinking
 r - a scroll of enchant weapon
 t - a scroll of fog
 D - a scroll of teleportation
Potions
 g - 3 potions of enlightenment
 h - 3 potions of haste
 j - a potion of mutation {unknown}
 m - a potion of heal wounds {unknown}
 o - a potion of degeneration {unknown}
 u - 3 potions of attraction
 w - 3 potions of curing


   Skills:
 + Level 9.2 Fighting
 + Level 6.3 Short Blades
 + Level 6.3 Long Blades
 + Level 9.2 Axes
 + Level 6.3 Maces & Flails
 + Level 6.3 Polearms
 + Level 6.3 Staves
 + Level 6.3 Ranged Weapons
 + Level 6.3 Throwing
 + Level 7.9 Armour
 + Level 7.9 Dodging
 + Level 6.3 Stealth
 + Level 6.3 Shields
 + Level 6.3 Unarmed Combat
 + Level 6.3 Spellcasting
 + Level 5.2 Conjurations
 + Level 5.2 Hexes
 + Level 5.2 Summonings
 + Level 5.2 Necromancy
 + Level 5.2 Translocations
 + Level 5.2 Transmutations
 + Level 5.2 Fire Magic
 + Level 5.2 Ice Magic
 + Level 5.2 Air Magic
 + Level 5.2 Earth Magic
 + Level 5.2 Poison Magic
 + Level 6.9 Invocations
 + Level 6.3 Evocations
 + Level 5.7 Shapeshifting


You had 22 spell levels left.
You didn't know any spells.
Your spell library was empty.

Dungeon Overview and Level Annotations

Branches:
Dungeon (10/15)            Temple (0/1) D:6            Lair (0/5) D:10
    Orc: D:9-12

Altars:
Ashenzari
Fedhas
Gozag
Hepliaklqana
Kikubaaqudgha
Nemelex Xobeh
Qazlal
Sif Muna
Trog
Vehumet
Xom
Zin

Shops:
D:8 (:[

Annotations:
D:8 Loot past rock


Innate Abilities, Weirdness & Mutations

You have very sharp teeth.
Your uncanny sense of smell can sniff out nearby items.
Your experience applies equally to all skills.


Message History

The death yak is heavily wounded.
The death yak gores you but does no damage.
You hit the death yak.
The death yak is heavily wounded.
The death yak closely misses you.
You slice the death yak!!
The death yak is almost dead.
The death yak gores you.
You slice the death yak!!
You kill the death yak!
Trog accepts your kill.
You are no longer berserk.
You are exhausted.
You feel yourself slow down. The death yak gores you!
Items here: ) [.
You barely miss the death yak. The death yak gores you! x2
You completely miss the death yak.
You bite the death yak, but do no damage.
The death yak gores you but does no damage.
The death yak snorts and paws the ground.
The death yak misses you.
You slice the death yak!!
The death yak is moderately wounded.
You feel the effects of Trog's Hand fading.
You hear a deafening roar!
The death yak gores you but does no damage.
The death yak gores you!
You are too injured to fight recklessly!
You are too injured to fight recklessly!
You fail to use your ability.
The death yak closely misses you.
You fail to use your ability.
The death yak gores you!!
* * * LOW HITPOINT WARNING * * *
The death yak gores you!
* * * LOW HITPOINT WARNING * * *
Unknown command.
As you read the scroll of teleportation, it crumbles to dust.
You feel strangely unstable.
Your skin stops crawling.
You feel less strong-willed. The death yak gores you!
You die...

+...............
##.#...#..####.
#........#
#######.## #.#
#.# #.# . #.# ..
#@# r#. #Y# r#..
#Y# .....
#r#....Y.
#ro.Y....
...........Y..#
#########......
...... ......


You could see 2 death yaks, 2 hell rats and an orc.

Vanquished Creatures
  A two-headed ogre (D:9)
  A death yak (D:10)
  Pikel (D:4)
  Joseph (D:7)
  A troll (D:9)
  A wraith (D:9)
  11 yaks
  2 wyverns (D:9)
  Eustachio (D:4)
  2 steam dragons (D:8)
  Edmund (D:6)
  An acid dragon (D:9)
  5 water moccasins
  A sky beast (D:7)
  2 orc warriors
  A black bear (D:4)
  2 ogres
  3 centaurs
  2 phantoms
  2 kobold brigands
  A bullfrog (D:7)
  2 scorpions
  15 wights
  3 killer bees (D:8)
  4 howler monkeys
  2 gnoll boudas
  3 hounds
  2 orc priests (D:7)
  A jelly (D:7)
  A sleepcap (D:4)
  3 iguanas
  11 orc wizards
  6 adders
  12 gnolls
  A shadow imp (D:8)
  3 white imps
  A worm (D:2)
  3 dart slugs
  35 orcs
  12 bats
  4 endoplasms
  2 giant cockroaches
  7 goblins
  8 hobgoblins
  2 jackals (D:1)
  10 kobolds
  2 quokkas
  9 ball pythons
  3 frilled lizards (D:1)
  4 rats
214 creatures vanquished.

Notes
Turn   | Place    | Note
-------+----------+-------------------------------------------
     0 | D:1      | jejorda2 the Gnoll Berserker began the quest for the Orb.
     0 | D:1      | Reached XP level 1. HP: 23/23 MP: 1/1
   175 | D:1      | Reached XP level 2. HP: 19/29 MP: 2/2
   732 | D:1      | Reached XP level 3. HP: 35/35 MP: 3/3
  1081 | D:2      | Reached skill level 1 in Invocations
  1153 | D:2      | Reached ** piety under Trog
  1189 | D:2      | Reached skill level 1 in Short Blades
  1189 | D:2      | Reached skill level 1 in Long Blades
  1189 | D:2      | Reached skill level 1 in Maces & Flails
  1189 | D:2      | Reached skill level 1 in Polearms
  1189 | D:2      | Reached skill level 1 in Staves
  1189 | D:2      | Reached skill level 1 in Ranged Weapons
  1189 | D:2      | Reached skill level 1 in Throwing
  1189 | D:2      | Reached skill level 1 in Stealth
  1189 | D:2      | Reached skill level 1 in Shields
  1189 | D:2      | Reached skill level 1 in Unarmed Combat
  1189 | D:2      | Reached skill level 1 in Spellcasting
  1189 | D:2      | Reached skill level 1 in Evocations
  1493 | D:3      | Reached skill level 1 in Shapeshifting
  1493 | D:3      | Reached XP level 4. HP: 36/41 MP: 5/5
  1558 | D:3      | Reached skill level 1 in Conjurations
  1558 | D:3      | Reached skill level 1 in Hexes
  1558 | D:3      | Reached skill level 1 in Summonings
  1558 | D:3      | Reached skill level 1 in Necromancy
  1558 | D:3      | Reached skill level 1 in Translocations
  1558 | D:3      | Reached skill level 1 in Transmutations
  1558 | D:3      | Reached skill level 1 in Fire Magic
  1558 | D:3      | Reached skill level 1 in Ice Magic
  1558 | D:3      | Reached skill level 1 in Air Magic
  1558 | D:3      | Reached skill level 1 in Earth Magic
  1558 | D:3      | Reached skill level 1 in Poison Magic
  1568 | D:3      | Reached XP level 5. HP: 47/47 MP: 5/7
  1823 | D:3      | Found a faded altar of an unknown god.
  2040 | D:4      | Noticed an ogre
  2044 | D:4      | Killed an ogre
  2045 | D:4      | Reached XP level 6. HP: 53/53 MP: 8/8
  2198 | D:4      | Noticed a black bear
  2205 | D:4      | Killed a black bear
  2206 | D:4      | Reached skill level 5 in Armour
  2206 | D:4      | Reached skill level 5 in Dodging
  2263 | D:4      | Noticed Pikel
  2276 | D:4      | Killed Pikel
  2277 | D:4      | Reached XP level 7. HP: 60/60 MP: 9/11
  2496 | D:4      | Noticed Eustachio
  2511 | D:4      | Killed Eustachio
  2512 | D:4      | Reached XP level 8. HP: 67/67 MP: 12/12
  2773 | D:4      | Reached *** piety under Trog
  3064 | D:5      | Entered Level 5 of the Dungeon
  3869 | D:6      | Reached XP level 9. HP: 68/73 MP: 14/14
  4018 | D:6      | Found a staircase to the Ecumenical Temple.
  4209 | D:6      | Noticed Edmund
  4220 | D:6      | Killed Edmund
  4370 | D:6      | Found a hazy altar of Hepliaklqana.
  4895 | D:7      | Reached skill level 5 in Invocations
  4953 | D:7      | Noticed Joseph
  4965 | D:7      | Killed Joseph
  5243 | D:7      | Reached XP level 10. HP: 56/80 MP: 17/17
  5410 | D:7      | Found an ancient bone altar of Kikubaaqudgha.
  5411 | D:7      | Found a shimmering blue altar of Sif Muna.
  5412 | D:7      | Found a radiant altar of Vehumet.
  5787 | D:7      | Reached **** piety under Trog
  5788 | D:7      | Reached skill level 5 in Short Blades
  5788 | D:7      | Reached skill level 5 in Long Blades
  5788 | D:7      | Reached skill level 5 in Maces & Flails
  5788 | D:7      | Reached skill level 5 in Polearms
  5788 | D:7      | Reached skill level 5 in Staves
  5788 | D:7      | Reached skill level 5 in Ranged Weapons
  5788 | D:7      | Reached skill level 5 in Throwing
  5788 | D:7      | Reached skill level 5 in Stealth
  5788 | D:7      | Reached skill level 5 in Shields
  5788 | D:7      | Reached skill level 5 in Unarmed Combat
  5788 | D:7      | Reached skill level 5 in Spellcasting
  5788 | D:7      | Reached skill level 5 in Evocations
  5886 | D:8      | Found Zaschu Wihu's Armour Boutique.
  5886 | D:8      | Found Ogypoeci's Book Boutique.
  5886 | D:8      | Found Beegeta's Antique Weapon Boutique.
  7062 | D:9      | Reached skill level 5 in Shapeshifting
  7257 | D:9      | Found a blossoming altar of Fedhas.
  7257 | D:9      | Found a sparkling altar of Nemelex Xobeh.
  7260 | D:9      | Found a stormy altar of Qazlal.
  7260 | D:9      | Found a bloodstained altar of Trog.
  7260 | D:9      | Found an opulent altar of Gozag.
  7260 | D:9      | Found a broken altar of Ashenzari.
  7260 | D:9      | Found a glowing silver altar of Zin.
  7261 | D:9      | Found a shimmering altar of Xom.
  7547 | D:9      | Reached XP level 11. HP: 21/87 MP: 19/19
  8036 | D:9      | Noticed a two-headed ogre
  8040 | D:9      | Killed a two-headed ogre
  8041 | D:9      | Reached skill level 5 in Conjurations
  8041 | D:9      | Reached skill level 5 in Hexes
  8041 | D:9      | Reached skill level 5 in Summonings
  8041 | D:9      | Reached skill level 5 in Necromancy
  8041 | D:9      | Reached skill level 5 in Translocations
  8041 | D:9      | Reached skill level 5 in Transmutations
  8041 | D:9      | Reached skill level 5 in Fire Magic
  8041 | D:9      | Reached skill level 5 in Ice Magic
  8041 | D:9      | Reached skill level 5 in Air Magic
  8041 | D:9      | Reached skill level 5 in Earth Magic
  8041 | D:9      | Reached skill level 5 in Poison Magic
  8184 | D:10     | Entered Level 10 of the Dungeon
  8305 | D:10     | Noticed a death yak
  8306 | D:10     | Found a staircase to the Lair.
  8307 | D:10     | Noticed a death yak
  8307 | D:10     | Noticed a death yak
  8325 | D:10     | Killed a death yak
  8332 | D:10     | Slain by a death yak

Illustrated notes

Levels and vault maps discovered:
D:1:      scummos_arrival_star, layout_loops_corners, serial_bayou,
          serial_bayou_pond_e, serial_bayou_shore_a, serial_bayou_crossing,
          serial_bayou_ford_a, chequers_serial_rivers_marsh
D:2:      layout_rooms
D:3:      layout_rooms, basic_ecumenical_altar
D:4:      layout_basic, roderic_batcave, minmay_parallelograms, uniq_pikel,
          uniq_eustachio
D:5:      layout_gridville
D:6:      layout_rooms, nzn_hepliaklqana_mist_gate,
          minmay_temple_entry_stoned_glass, minmay_misc_feat_hallway,
          minmay_misc_feat_tower, uniq_edmund
D:7:      layout_layer_cave, grunt_temple_overflow_magic_moments,
          kennysheep_small_spiral, kennysheep_generic_room_3, uniq_joseph
D:8:      cheibrodos_quashed, layout_basic, nicolae_shop_distant_corner_stores,
          kennysheep_minor_cross
D:9:      layout_basic, grunt_temple_overflow_open
D:10:     layout_loops_corners, dpeg_lair_monsters, uniq_erica

Skill      XL: |  1  2  3  4  5  6  7  8  9 10 11 |
---------------+----------------------------------+-----
Invocations    | 1 2 3 4 5 6 |  6.9
Short Blades   | 1 2 3 4 5 6 |  6.3
Long Blades    | 1 2 3 4 5 6 |  6.3
Maces & Flails | 1 2 3 4 5 6 |  6.3
Polearms       | 1 2 3 4 5 6 |  6.3
Staves         | 1 2 3 4 5 6 |  6.3
Ranged Weapons | 1 2 3 4 5 6 |  6.3
Throwing       | 1 2 3 4 5 6 |  6.3
Stealth        | 1 2 3 4 5 6 |  6.3
Shields        | 1 2 3 4 5 6 |  6.3
Unarmed Combat | 1 2 3 4 5 6 |  6.3
Spellcasting   | 1 2 3 4 5 6 |  6.3
Evocations     | 1 2 3 4 5 6 |  6.3
Shapeshifting  | 1 2 3 4 5 |  5.7
Conjurations   | 1 2 3 4 5 |  5.2
Hexes          | 1 2 3 4 5 |  5.2
Summonings     | 1 2 3 4 5 |  5.2
Necromancy     | 1 2 3 4 5 |  5.2
Translocations | 1 2 3 4 5 |  5.2
Transmutations | 1 2 3 4 5 |  5.2
Fire Magic     | 1 2 3 4 5 |  5.2
Ice Magic      | 1 2 3 4 5 |  5.2
Air Magic      | 1 2 3 4 5 |  5.2
Earth Magic    | 1 2 3 4 5 |  5.2
Poison Magic   | 1 2 3 4 5 |  5.2
Armour         | 5 6 7 |  7.9
Dodging        | 5 6 7 |  7.9
Fighting       | 7 8 9 |  9.2
Axes           | 7 8 9 |  9.2

Action                     |  1- 3 |  4- 6 |  7- 9 | 10-12 || total
---------------------------+-------+-------+-------+-------++-------
  Melee: Hand axe          |    86 |    79 |   137 |       ||   302
         Bite              |     9 |     8 |    28 |    21 ||    66
         Punch             |       |     2 |     2 |       ||     4
         War axe           |       |       |    49 |       ||    49
         Dire flail        |       |       |    59 |       ||    59
         Battleaxe         |       |       |    20 |   177 ||   197
  Throw: Dart              |       |       |       |     1 ||     1
 Invoke: Berserk           |     1 |     5 |     7 |     4 ||    17
         Trog's Hand       |       |       |     2 |     1 ||     3
    Use: Scroll            |       |       |       |    16 ||    16
   Stab: Sleeping          |       |     1 |       |       ||     1
 Armour: Ring mail         |    22 |    15 |   130 |       ||   167
         Scale mail        |    19 |    19 |       |       ||    38
         Chain mail        |       |       |    44 |   110 ||   154
         Shadow dragon sca |       |       |       |    67 ||    67
  Dodge: Dodged            |    45 |    66 |   181 |   120 ||   412

Table legend: (Time is in decaauts)
 A = Elapsed time spent in this place.
 B = Non-inter-level travel time spent in this place.
 C = Inter-level travel time spent in this place.
 D = Time resting spent in this place.
 E = Time spent auto-exploring this place.
 F = Levels seen in this place.
 G = Mean time per level.
                   A        B        C        D        E       F      G
               +--------+--------+--------+--------+--------+-----+--------+
         Total |   8552 |   8208 |    344 |    519 |   6199 |  10 |  855.2 |
       Dungeon |   8552 |   8208 |    344 |    519 |   6199 |  10 |  855.2 |
               +--------+--------+--------+--------+--------+-----+--------+

Top non-repeatable levels by time:
     D:7: 1453 daAuts
     D:9: 1272 daAuts
     D:4: 1166 daAuts
     D:1: 1053 daAuts
     D:8: 982 daAuts
     D:6: 820 daAuts
     D:5: 727 daAuts
     D:3: 462 daAuts
     D:2: 457 daAuts
    D:10: 155 daAuts
